 Dungeon Crawl Stone Soup version 0.23.2-33-g5129a83184 (webtiles) character file.

Game seed: 16439951096888233528

422 Lawrees the Chiller (level 6, -1/69 HPs)
             Began as a Merfolk Ice Elementalist on July 2, 2019.
             Slain by a sky beast (2 damage)
             ... on level 5 of the Dungeon.
             The game lasted 00:29:59 (3627 turns).

Lawrees the Chiller (Merfolk Ice Elementalist)      Turns: 3627, Time: 00:30:00

Health: -1/69      AC:  4    Str: 16    XL:     6   Next: 95%
Magic:  3/10       EV: 14    Int: 14    God:
Gold:   232        SH:  0    Dex: 14    Spells: 7/10 levels left

rFire    + . .     SeeInvis .   a - +1 dagger (drain)
rCold    + . .     Gourm    .   (no shield)
rNeg     . . .     Faith    .   i - +0 leather armour
rPois    +         Spirit   .   (no helmet)
rElec    +         Reflect  .   (no cloak)
rCorr    +         Harm     .   (no gloves)
MR       .....                  b - +0 pair of boots
Stlth    ..........             (no amulet)
HPRegen  0.21/turn              (no ring)
MPRegen  0.12/turn              (no ring)

@: berserking, resistant, very slightly contaminated, very quick
A: change form in water, swift swim, stealthy swim
a: no special abilities


You were on level 5 of the Dungeon.
You were not hungry.

You visited 1 branch of the dungeon, and saw 5 of its levels.

You collected 232 gold pieces.

Inventory:

Hand Weapons
 a - a +1 dagger of draining (weapon)
Missiles
 d - 158 stones (quivered)
 r - 52 bolts
 u - 46 sling bullets
 w - 14 arrows
Armour
 b - a +0 pair of boots (worn)
 i - a +0 leather armour (worn)
Jewellery
 p - a cursed -3 ring of dexterity {unknown}
Wands
 q - a wand of paralysis (7)
Scrolls
 e - a scroll of magic mapping {unknown}
 f - a scroll of fear {unknown}
 j - a scroll of blinking {unknown}
 k - a scroll of teleportation
 m - a scroll of noise {unknown}
 n - a scroll of enchant armour {unknown}
 o - a scroll of immolation {unknown}
 t - 2 scrolls of enchant weapon {unknown}
Potions
 h - a potion of degeneration {unknown}
 l - a potion of lignification
 s - a potion of berserk rage
 v - a potion of mutation {unknown}
Comestibles
 c - 9 rations
 x - 4 chunks of flesh


   Skills:
 + Level 2.8 Fighting
 + Level 2.8 Short Blades
 - Level 2.2 Throwing
 + Level 4.6 Dodging
 - Level 3.1 Stealth
 + Level 2.7 Spellcasting
 - Level 0.7 Conjurations
 + Level 4.6 Ice Magic


You had 7 spell levels left.
You knew the following spells:

 Your Spells              Type           Power        Failure   Level  Hunger
a - Freeze                Ice            ##..         4%          1    #......
b - Throw Frost           Conj/Ice       #.....       14%         2    ###....

Your spell library contained the following spells:

 Spells                   Type           Power        Failure   Level  Hunger
 Ozocubu's Armour         Chrm/Ice       #.......     32%         3    ###....
 Throw Icicle             Conj/Ice       #.......     65%         4    #####..
 Summon Ice Beast         Ice/Summ       #.......     71%         4    #####..


Dungeon Overview and Level Annotations

Branches:
Dungeon (5/15)
 Temple: D:4-7

Altars:
Dithmenos
Vehumet

Annotations:
D:4 Blork the orc


Message History

A red film seems to cover your vision as you go berserk!
You feel yourself moving faster!
You feel mighty! Something hits you.
* * * LOW HITPOINT WARNING * * *
Something shocks you. You resist.
* * * LOW HITPOINT WARNING * * *
The gnoll barely misses you.
You miss something. Something hits you.
* * * LOW HITPOINT WARNING * * *
Something shocks you. You resist.
* * * LOW HITPOINT WARNING * * *
You miss something. The gnoll misses you. Something hits you.
* * * LOW HITPOINT WARNING * * *
Something shocks you. You resist.
* * * LOW HITPOINT WARNING * * *
You closely miss something. The gnoll hits you.
* * * LOW HITPOINT WARNING * * *
You miss something. Something hits you.
* * * LOW HITPOINT WARNING * * *
Something shocks you. You resist.
You die...

.. . .### ... #w.
#O# #g# #@#
#...#...#.# #{#
#.#.#...#. #.#
.).#.....# #.#
..##..#.# #.#
#.##..#.#
#.#######.##..#.#
#.#.............#
#.........÷.....#
##
#####.#####.#÷#...#


You could see an ogre, a worm and a gnoll.

Vanquished Creatures
  A howler monkey (D:5)
  A bullfrog zombie (D:5)
  2 hounds (D:4)
  2 bullfrog skeletons (D:4)
  An orc priest (D:4)
  An orc wizard (D:4)
  A worker ant (D:4)
  A hound zombie (D:3)
  A hound skeleton (D:5)
  A gnoll (D:4)
  3 adders
  An adder skeleton (D:4)
  2 worms (D:2)
  3 dart slugs (D:1)
  5 leopard geckos
  11 orcs
  3 giant cockroaches
  4 hobgoblins
  5 kobolds
  A quokka (D:5)
  2 ball pythons
  6 bats
  A frilled lizard (D:1)
  7 goblins
  A quokka skeleton (D:4)
  7 rats
74 creatures vanquished.

Notes
Turn   | Place    | Note
-------+----------+-------------------------------------------
     0 | D:1      | Lawrees the Merfolk Ice Elementalist began the quest for
                  | the Orb.
     0 | D:1      | Reached XP level 1. HP: 13/13 MP: 3/3
   104 | D:1      | Reached XP level 2. HP: 20/20 MP: 1/5
   429 | D:1      | Reached skill level 1 in Fighting
   566 | D:1      | Reached XP level 3. HP: 23/26 MP: 6/6
   823 | D:2      | Reached skill level 1 in Throwing
  1792 | D:2      | Found a shadowy altar of Dithmenos.
  2033 | D:3      | Reached XP level 4. HP: 32/32 MP: 7/7
  2038 | D:3      | Learned a level 2 spell: Throw Frost
  2046 | D:3      | Reached skill level 1 in Short Blades
  2134 | D:3      | Found a radiant altar of Vehumet.
  2674 | D:4      | Reached XP level 5. HP: 33/38 MP: 4/8
  2877 | D:4      | Reached XP level 6. HP: 32/44 MP: 0/9
  3236 | D:4      | Noticed Blork the orc
  3354 | D:5      | Entered Level 5 of the Dungeon
  3612 | D:5      | Noticed a sky beast
  3625 | D:5      | HP: 2/69 [something (2)]
  3627 | D:5      | Slain by a sky beast

Skill      XL: |  1  2  3  4  5 |
---------------+----------------+-----
Dodging        | 3 4 |  4.6
Fighting       | 1 2 |  2.8
Throwing       | 1 2 |  2.2
Short Blades   | 1 2 |  2.8
Stealth        | 3 |  3.1
Ice Magic      | 4 |  4.6
Spellcasting   | |  2.7
Conjurations   | |  0.7

Action                   |  1- 3 |  4- 6 || total
-------------------------+-------+-------++-------
Melee: Dagger            |    91 |   141 ||   232
Throw: Stone             |    86 |    62 ||   148
 Cast: Freeze            |    25 |    29 ||    54
       Throw Frost       |       |    24 ||    24
  Use: Scroll            |       |     6 ||     6
       Potion            |       |     6 ||     6
 Stab: Sleeping          |     4 |     2 ||     6
  Eat: Chunk             |     3 |     7 ||    10
       Ration            |       |     1 ||     1
Armor: Robe              |    17 |       ||    17
       Leather armour    |    16 |    34 ||    50
Dodge: Dodged            |    66 |   127 ||   193
